 Dungeon Crawl Stone Soup version 0.28.0-62-gf88900778d (webtiles) character file.

Game seed: 12448613301994500994

559 cbfl8 the Chopper (level 7, -2/54 HPs)
             Began as a Demonspawn Fighter on July 5, 2023.
             Killed by divine providence
             ... invoked by an orc priest
              (15 damage)
             ... on level 5 of the Dungeon.
             The game lasted 00:02:22 (4194 turns).

cbfl8 the Chopper (Demonspawn Fighter)              Turns: 4194, Time: 00:02:23

Health: -2/54      AC: 17    Str: 17    XL:     7   Next: 9%
Magic:  7/7        EV:  4    Int: 13    God:
Gold:   167        SH:  5    Dex: 19    Spells: 6/6 levels left

rFire   . . .      SeeInvis .   a - +0 war axe
rCold   . . .      Faith    .   c - +0 buckler
rNeg    . . .      Spirit   .   o - +1 plate armour of the Gusle {*Slow Int+4 Dex+5}
rPois   .          Reflect  .   p - +2 helmet
rElec   .          Harm     .   (no cloak)
rCorr   .          Rampage  .   (no gloves)
Will    .....                   (no boots)
Stlth   ..........              (no amulet)
HPRegen 0.18/turn               m - ring of flight
MPRegen 0.10/turn               (no ring)

@: flying
A: slimy green scales 1, spiny 1, weakness stinger 2
a: no special abilities


You were on level 5 of the Dungeon.
You visited 1 branch of the dungeon, and saw 6 of its levels.

You collected 167 gold pieces.

Inventory:

Hand Weapons
 a - a +0 war axe (weapon)
Missiles
 j - 4 javelins (quivered)
Armour
 c - a +0 buckler (worn)
 o - the +1 plate armour of the Gusle (worn) {*Slow Int+4 Dex+5}
   (You found it on level 3 of the Dungeon)

   Int:       It affects your intelligence (+4).
   Dex:       It affects your dexterity (+5).
   *Slow:     It may slow you when you take damage.
 p - a +2 helmet (worn)
Jewellery
 m - a ring of flight (left hand)
Wands
 h - a wand of flame (11)
Scrolls
 e - a scroll of vulnerability {unknown}
 g - a scroll of fear
 k - a scroll of magic mapping {unknown}
 l - 2 scrolls of teleportation {unknown}
 n - 2 scrolls of immolation
 q - a scroll of torment {unknown}
 r - 2 scrolls of identify {unknown}
Potions
 b - 2 potions of lignification {unknown}
 d - 2 potions of might
 f - 2 potions of curing {unknown}
 i - 2 potions of heal wounds {unknown}


   Skills:
 + Level 4.1 Fighting
 + Level 4.2 Axes
 * Level 2.5 Throwing
 + Level 3.6 Armour
 + Level 0.1 Dodging
 + Level 0.2 Stealth
 + Level 3.2 Shields
 * Level 2.7 Evocations


You had 6 spell levels left.
You didn't know any spells.
Your spell library was empty.

Dungeon Overview and Level Annotations

Branches:
Dungeon (6/15)
 Temple: D:4-7

Altars:

Annotations:
D:5 Eustachio
D:6 Pikel


Innate Abilities, Weirdness & Mutations

You are partially covered in slimy green scales. (AC +2)
You are partially covered in sharp spines.
You have a tail ending in a sharp stinger.


Message History

You barely miss the white imp.
The white imp is severely wounded.
The orc priest calls down the wrath of Beogh upon you.
Beogh smites you! The white imp gestures at you.
The puff of frost hits you but does no damage.
Unknown command.
You hit the white imp.
The white imp is severely wounded.
The white imp is struck by your spines.
The white imp hits you but does no damage.
Unknown command.
You hit the white imp.
You kill the white imp!
The orc priest calls down the wrath of Beogh upon you.
Beogh smites you!
Unknown command.
You closely miss the orc priest.
The orc priest calls down the wrath of Beogh upon you.
Beogh smites you!
Unknown command.
You are too injured to fight recklessly!
Unknown command.
You are too injured to fight recklessly!
Unknown command.
You are too injured to fight recklessly!
Unknown command.
You hit the orc priest but do no damage.
Your tail-slap misses the orc priest.
The orc priest looks satisfied for a moment.
You slash the orc priest!
The orc priest is heavily wounded.
You completely miss the orc.
The orc priest mumbles some strange prayers to Beogh against you.
Beogh smites you!
* * * LOW HITPOINT WARNING * * *
The orc is struck by your spines. The orc hits you but does no damage.
The orc priest invokes the aid of Beogh against you.
Beogh smites you!
You die...

#.# #.# #.##
#..# . #..#
#.. #..#
#..###..##
#....>..###..
##...@.......
#...oo.....#
#...<....####
..........##
##........#
###.....##
#.....#
#.....# ####
....


You could see an orc priest and an orc.

Vanquished Creatures
  2 necrophages
  A wyvern skeleton (D:3)
  A scorpion (D:5)
  A howler monkey (D:4)
  A hound (D:5)
  An orc wizard (D:4)
  4 gnolls (D:3)
  4 adders
  A white imp (D:5)
  2 adder skeletons
  2 worms
  10 orcs
  2 bats
  8 endoplasms
  5 giant cockroaches
  9 goblins
  5 hobgoblins
  4 jackals (D:3)
  3 quokkas
  6 ball pythons
  3 frilled lizards
  4 kobolds
  5 rats
84 creatures vanquished.

Notes
Turn   | Place    | Note
-------+----------+-------------------------------------------
     0 | D:1      | cbfl8 the Demonspawn Fighter began the quest for the Orb.
     0 | D:1      | Reached XP level 1. HP: 18/18 MP: 1/1
   256 | D:1      | Gained mutation: You are partially covered in sharp spines.
                  | [demonic ancestry]
   256 | D:1      | Reached XP level 2. HP: 24/24 MP: 2/2
   624 | D:1      | Reached skill level 1 in Evocations
  1058 | D:2      | Found a faded altar of an unknown god.
  1062 | D:2      | Reached skill level 1 in Throwing
  1104 | D:2      | Gained mutation: You have a small tail. [demonic ancestry]
  1104 | D:2      | Reached XP level 3. HP: 29/29 MP: 3/3
  2024 | D:3      | Gained mutation: You are partially covered in slimy green
                  | scales. (AC +2) [demonic ancestry]
  2024 | D:3      | Reached XP level 4. HP: 15/35 MP: 4/4
  2207 | D:3      | Identified the +1 plate armour of the Gusle {*Slow Int+4
                  | Dex+5}
  2281 | D:3      | Gained mutation: You have a tail ending in a sharp stinger.
                  | [demonic ancestry]
  2281 | D:3      | Reached XP level 5. HP: 31/41 MP: 5/5
  3197 | D:4      | Noticed a necrophage
  3208 | D:4      | Killed a necrophage
  3209 | D:4      | Reached XP level 6. HP: 41/48 MP: 6/6
  3874 | D:5      | Entered Level 5 of the Dungeon
  3912 | D:5      | Noticed Eustachio
  3921 | D:5      | Reached XP level 7. HP: 31/54 MP: 7/7
  4182 | D:6      | Noticed Pikel
  4194 | D:5      | Killed from afar by an orc priest

Illustrated notes

Levels and vault maps discovered:
D:1:      scummos_arrival_simple_crosswalls, layout_basic
D:2:      minmay_door_path, layout_basic,
          hellmonk_ecumenical_altar_inner_sanctum, grunt_decor_fettered,
          amcnicky_mini_rare_corridor_liquid, minivault_26
D:3:      layout_basic, minmay_misc_feat_doors
D:4:      layout_basic
D:5:      layout_layer_cave, corexii_corridor_pit, kennysheep_crisscross,
          uniq_blork_the_orc, uniq_eustachio
D:6:      layout_cave_pools, minmay_temple_entry_offerings, serial_column_ruins,
          column_ruins_circle_medium, column_ruins_hut, column_ruins_open_small,
          column_ruins_columns_corner, column_ruins_corridor_corner,
          column_ruins_columns_water, uniq_pikel

Skill      XL: |  1  2  3  4  5  6 |
---------------+-------------------+-----
Evocations     | 1 2 |  2.7
Throwing       | 1 2 |  2.5
Axes           | 2 3 4 |  4.2
Armour         | 3 |  3.6
Shields        | 3 |  3.2
Fighting       | 4 |  4.1
Dodging        | |  0.1
Stealth        | |  0.2

Action                   |  1- 3 |  4- 6 |  7- 9 || total
-------------------------+-------+-------+-------++-------
Melee: War axe           |    74 |    92 |     9 ||   175
       Tailslap          |     5 |    14 |       ||    19
  Use: Scroll            |       |     2 |       ||     2
Armor: Scale mail        |    31 |       |       ||    31
       Plate armour      |       |    80 |     7 ||    87
Dodge: Dodged            |    25 |    13 |     1 ||    39
Block: Buckler           |    14 |    34 |     1 ||    49
